 Dungeon Crawl Stone Soup version 0.20.0-15-g7f486f2 (webtiles) character file.

10793 Gargoyl the Protected (level 11, -4/94 HPs)
             Began as a Minotaur Abyssal Knight on June 30, 2017.
             Was an Elder of Lugonu.
             Slain by an ice beast (14 damage)
             ... in an ice cave.
             The game lasted 00:22:47 (12182 turns).

Gargoyl the Protected (Minotaur Abyssal Knight)    Turns: 12182, Time: 00:22:47

Health: -4/94      AC: 19    Str: 20    XL:     11   Next: 40%
Magic:  25/25      EV:  7    Int:  9    God:    Lugonu [****..]
Gold:   515        SH: 12    Dex: 12    Spells: 10/10 levels left

rFire    . . .     SeeInvis .   y - +0 war axe
rCold    . . .     Gourm    .   d - +1 shield
rNeg     . . .     Faith    .   s - +1 plate armour
rPois    .         Spirit   .   (helmet restricted)
rElec    .         Reflect  .   x - +0 cloak
rCorr    +         Harm     .   m - +0 pair of gloves
MR       .....                  (no boots)
Stlth    ..........             (no amulet)
Regen    0.3/turn               v - ring of magical power
MPRegen  0.2/turn               G - ring of resist corrosion

@: no status effects
A: retaliatory headbutt, horns 2, strong 1, sturdy frame 1
a: Depart the Abyss, Bend Space, Banish, Corrupt, Renounce Religion


You were in an ice cave.
You worshipped Lugonu.
Lugonu was greatly pleased with you.
You were not hungry.

You visited 2 branches of the dungeon, and saw 11 of its levels.
You visited the Abyss 1 time.
You also visited: Ice Cave.

You collected 515 gold pieces.

Inventory:

Hand Weapons
 a - a +1 hand axe
 y - a +0 war axe (weapon)
Missiles
 u - 8 tomahawks (quivered)
Armour
 d - a +1 shield (worn)
 m - a +0 pair of gloves (worn)
 s - a +1 plate armour (worn)
 x - a +0 cloak (worn)
Jewellery
 j - an uncursed ring of fire
 v - a ring of magical power (left hand)
 G - a ring of resist corrosion (right hand)
Wands
 b - a wand of flame (11/48)
 e - a wand of lightning (7/15)
 i - a wand of flame (18/48)
 p - a wand of acid (8/15)
 A - a wand of confusion (30/48)
Scrolls
 l - 2 scrolls of amnesia
 n - 10 scrolls of identify
 o - 3 scrolls of recharging
 q - 4 scrolls of remove curse
Potions
 f - 4 potions of curing
 g - a potion of cancellation {unknown}
 h - 14 potions of degeneration
 t - a potion of resistance
 w - a potion of heal wounds
 z - a potion of magic
Books
 r - a book of Callings

   Spells                             Type                      Level
   a - Summon Small Mammal            Summoning                    1
   b - Call Imp                       Summoning                    2
   c - Call Canine Familiar           Summoning                    3
   d - Summon Guardian Golem          Hexes/Summoning              3
   e - Summon Lightning Spire         Summoning/Air                4
   f - Summon Ice Beast               Ice/Summoning                4
 D - a book of Necromancy

   Spells                             Type                      Level
   a - Pain                           Necromancy                   1
   b - Animate Skeleton               Necromancy                   1
   c - Vampiric Draining              Necromancy                   3
   d - Regeneration                   Charms/Necromancy            3
   e - Animate Dead                   Necromancy                   4
   f - Control Undead                 Necromancy                   4
Comestibles
 c - 11 bread rations
 k - 9 fruits
 B - 6 meat rations
 C - 8 royal jellies


   Skills:
 + Level 8.0 Fighting
 + Level 11.4 Axes
 * Level 11.5 Armour
 + Level 3.0 Dodging
 + Level 8.0 Shields
 * Level 8.0 Invocations


You had 10 spell levels left.
You didn't know any spells.

Dungeon Overview and Level Annotations

Branches:
Dungeon (9/15)             Temple (0/1) D:5            Lair (2/6) D:9
    Orc (0/2) D:9
  Swamp: Lair:2-4    Shoals: Lair:2-4     Snake: Lair:2-4    Spider: Lair:2-4

Altars:
Fedhas
Gozag
Hepliaklqana
Kikubaaqudgha
Qazlal
Trog
Uskayaw
Zin
The Shining One

Shops:
D:6 :


Innate Abilities, Weirdness & Mutations

You reflexively headbutt those who attack you in melee.
You have a pair of horns on your head.
Your muscles are strong. (Str +2)
Your movements are slightly less encumbered by armour. (ER -2)


Message History

You slash the ice beast! You barely miss the ice beast.
You closely miss the ice beast.
Your shield and plate armour prevent you from hitting the ice beast.
The ice beast hits you but does no damage.
You block the white ugly thing's attack.
The ice beast closely misses you.
The ice beast hits you but does no damage.
You block the ice beast's attack.
Unknown command.
You hit the white ugly thing.
You headbutt the white ugly thing, but do no damage.
The white ugly thing is heavily wounded.
You hit the ice beast. You barely miss the ice beast.
You hit the ice beast but do no damage. x2; You block the ice beast's attack.
The white ugly thing claws you! The white ugly thing freezes you!!
* * * LOW HITPOINT WARNING * * *
The ice beast hits you.
* * * LOW HITPOINT WARNING * * *
The ice beast freezes you!
You die...

#......)......#
#....8...8....#
#.............#
#...........#
#...........#
#.....∩.....#
##....Y....##
##..YuY..##
##.Y@Y.##
#######


You could see a white ugly thing and 5 ice beasts.

Vanquished Creatures
  Pikel (D:4)
  5 spiny frogs
  Joseph (Lair:1)
  2 komodo dragons (Lair:1)
  A rime drake (Lair:2)
  2 hippogriffs
  Sigmund (D:5)
  A hog (D:8)
  Eustachio (D:4)
  3 yaks (D:8)
  A hungry ghost (D:7)
  A basilisk (Lair:1)
  A human (D:8)
  A steam dragon (D:9)
  2 water moccasins
  4 orc warriors (D:9)
  3 porcupines (Lair:1)
  3 black bears
  A swamp drake (D:9)
  5 ice beasts
  3 wolves (Lair:2)
  A phantom (D:6)
  An ogre (D:9)
  6 crocodiles
  5 centaurs
  10 bullfrogs
  A big kobold (D:7)
  A gnoll sergeant (D:9)
  2 scorpions
  2 howler monkeys (D:8)
  6 crimson imps
  A bullfrog skeleton (D:5)
  2 hounds
  3 jellies
  7 orc priests
  8 orc wizards
  2 iguanas
  Ijyb (D:3)
  7 worker ants
  A hound skeleton (D:6)
  A worker ant zombie (D:5)
  19 gnolls
  12 adders
  A shadow imp (D:9)
  12 white imps (Lair:2)
  An ooze (D:3)
  An adder zombie (D:7)
  3 worms
  A dart slug (D:1)
  5 leopard geckos
  44 orcs
  4 ball pythons
  7 bats
  4 giant cockroaches
  8 goblins
  7 hobgoblins
  6 jackals
  4 quokkas
  8 frilled lizards
  A giant cockroach zombie (D:6)
  11 kobolds
  A leopard gecko skeleton (D:6)
  A quokka skeleton (D:6)
  A quokka zombie (D:5)
  9 rats
282 creatures vanquished.

Vanquished Creatures (others)
  A hydra (Lair:1)
  A spiny frog (Lair:1)
  A basilisk (Lair:1)
  An orc warrior (D:7)
  A wyvern zombie (D:6)
  A howler monkey (D:4)
  A quokka (D:4)
7 creatures vanquished.

Grand Total: 289 creatures vanquished

Notes
Turn   | Place    | Note
-------+----------+-------------------------------------------
     0 | Abyss:1  | Gargoyl the Minotaur Abyssal Knight began the quest for the Orb.
     0 | Abyss:1  | Reached XP level 1. HP: 19/19 MP: 1/1
    26 | D:1      | Escaped the Abyss
   513 | D:1      | Reached XP level 2. HP: 27/27 MP: 2/2
   979 | D:1      | Gained mutation: You are agile. (Dex +2) [potion of mutation]
   979 | D:1      | Gained mutation: You are weak. (Str -2) [potion of mutation]
   979 | D:1      | Gained mutation: You are frail. (-10% HP) [potion of mutation]
   979 | D:1      | Gained mutation: You possess an exceptional clarity of mind. [potion of mutation]
   980 | D:1      | Lost mutation: You are weak. (Str -2) [potion of mutation]
   980 | D:1      | Lost mutation: You are frail. (-10% HP) [potion of mutation]
   980 | D:1      | Lost mutation: You possess an exceptional clarity of mind. [potion of mutation]
   980 | D:1      | Lost mutation: You are agile. (Dex +2) [potion of mutation]
   980 | D:1      | Gained mutation: Your muscles are strong. (Str +2) [potion of mutation]
   980 | D:1      | Gained mutation: Your movements are slightly less encumbered by armour. (ER -2) [potion of mutation]
  1053 | D:2      | Reached * piety under Lugonu
  1199 | D:2      | Reached XP level 3. HP: 33/33 MP: 3/3
  1588 | D:2      | Found a hide-covered altar of Uskayaw.
  1588 | D:2      | Found a hazy altar of Hepliaklqana.
  1727 | D:3      | Reached skill level 1 in Shields
  1813 | D:3      | Reached ** piety under Lugonu
  1813 | D:3      | Reached XP level 4. HP: 40/40 MP: 4/4
  2135 | D:3      | Noticed a bullfrog
  2136 | D:3      | Noticed Ijyb
  2159 | D:3      | Killed a bullfrog
  2159 | D:3      | Reached XP level 5. HP: 40/46 MP: 5/5
  2176 | D:3      | Killed Ijyb
  2659 | D:3      | Reached XP level 6. HP: 16/53 MP: 6/6
  2676 | D:3      | Reached skill level 5 in Armour
  2971 | D:4      | Reached skill level 5 in Axes
  3037 | D:4      | Noticed Eustachio
  3054 | D:4      | Reached XP level 7. HP: 36/60 MP: 8/8
  3098 | D:4      | Killed Eustachio
  3512 | D:4      | Noticed Pikel
  3540 | D:4      | Killed Pikel
  3540 | D:4      | Reached skill level 5 in Fighting
  3540 | D:4      | Reached XP level 8. HP: 39/68 MP: 9/9
  3826 | D:4      | Reached *** piety under Lugonu
  4207 | D:5      | Entered Level 5 of the Dungeon
  4207 | D:5      | Noticed Sigmund
  4232 | D:5      | Killed Sigmund
  4497 | D:5      | Found an ancient bone altar of Kikubaaqudgha.
  5196 | D:5      | Found a staircase to the Ecumenical Temple.
  5450 | D:6      | Found an opulent altar of Gozag.
  5528 | D:6      | Found Piul's Book Boutique.
  5539 | D:6      | Reached XP level 9. HP: 47/75 MP: 11/11
  6182 | D:6      | Reached skill level 5 in Shields
  6344 | D:6      | Reached skill level 5 in Invocations
  6625 | D:7      | Reached **** piety under Lugonu
  6755 | D:7      | Found a glowing silver altar of Zin.
  6755 | D:7      | Found a blossoming altar of Fedhas.
  6930 | D:7      | Found a glowing golden altar of the Shining One.
  7459 | D:8      | Found a bloodstained altar of Trog.
  7554 | D:8      | Found a stormy altar of Qazlal.
  7555 | D:8      | Found an ancient bone altar of Kikubaaqudgha.
  7856 | D:8      | Reached XP level 10. HP: 86/86 MP: 13/13
  8374 | D:8      | Reached skill level 10 in Armour
  8673 | D:9      | Reached skill level 10 in Axes
  8687 | D:9      | Found a staircase to the Lair.
  8710 | Lair:1   | Entered Level 1 of the Lair of Beasts
  8868 | Lair:1   | Noticed a spiny frog
  8870 | Lair:1   | Banished a spiny frog
  8872 | Lair:1   | Noticed Joseph
  8900 | Lair:1   | Killed Joseph
  9769 | D:9      | Found a staircase to the Orcish Mines.
 10510 | Lair:1   | Noticed a spiny frog
 10529 | Lair:1   | Killed a spiny frog
 10718 | Lair:1   | Noticed a four-headed hydra
 10722 | Lair:1   | Banished a four-headed hydra
 10722 | Lair:1   | Reached XP level 11. HP: 84/92 MP: 11/15
 11875 | Lair:2   | Found a frozen archway.
 12171 | IceCv    | Entered an ice cave
 12171 | IceCv    | Noticed a white ugly thing
 12182 | IceCv    | Slain by an ice beast

Skill      XL: |  1  2  3  4  5  6  7  8  9 10 11 |
---------------+----------------------------------+-----
Armour         | 3 4 5 6 7 9 11 | 11.5
Axes           | 3 4 5 6 8 9 10 11 | 11.4
Invocations    | 2 3 4 5 7 8 |  8.0
Fighting       | 4 5 6 7 8 |  8.0
Shields        | 1 2 3 4 6 7 8 |  8.0
Dodging        | 2 3 |  3.0

Action                   |  1- 3 |  4- 6 |  7- 9 | 10-12 || total
-------------------------+-------+-------+-------+-------++-------
Melee: Hand axe          |   101 |   158 |   401 |       ||   660
       Headbutt          |    16 |    29 |    84 |    63 ||   192
       War axe           |       |       |    19 |   339 ||   358
Throw: Tomahawk          |       |       |       |     3 ||     3
Invok: Depart the Abyss  |     1 |       |       |       ||     1
       Banish            |       |       |     2 |     7 ||     9
  Use: Scroll            |     4 |     2 |     3 |     5 ||    14
       Potion            |     2 |     8 |     2 |     6 ||    18
 Stab: Confused          |       |       |       |     1 ||     1
  Eat: Chunk             |     3 |     4 |    16 |    14 ||    37
       Royal jelly       |       |       |     1 |     1 ||     2
       Meat ration       |       |       |     1 |       ||     1
Armor: Chain mail        |    69 |    73 |   216 |    78 ||   436
       Leather armour    |     2 |       |       |       ||     2
       Plate armour      |       |       |       |   112 ||   112
Dodge: Dodged            |    30 |    36 |   114 |   107 ||   287
Block: Shield            |    55 |    80 |   244 |   225 ||   604
